AoeStats
← Neo2087

Black Forest

507942256Analyzed
4v4 RM · 12d ago on Sep 20, 2026· 54m 31s· 8 players
Game mode
Random Map
Map size
Large (8 player)
Population
200
Speed
Normal
Resources
Standard
Victory
Conquest
Starting age
Dark Age
Ending age
Imperial Age
RankedLock teamsTeams togetherTeam positionsShared explorationLock speedFull tech treeHidden civsTurbo modeCheats
Victory
Defeat
🇨🇳 Persians · China
957
+13
🇨🇳 Britons · China
945
+14
🇨🇳 Huns · China
885
+16
🇰🇭 Malians · Cambodia
856
+17
🇦🇺 Saracens · Australia
940
-18
🇦🇹 Hindustanis · Austria
917
-16
🇨🇳 Chinese · China
847
-13
🇹🇷 Byzantines · Türkiye
844
-13
踏天南
1:16 Loom
13:28 Feudal Age
18:31 Castle Age
18:27 Double-Bit Axe
29:04 Wheelbarrow
28:52 Fishing Lines
30:14 Bow Saw
29:53 Horse Collar
30:17 Gillnets
36:09 Imperial Age
34:51 Stone Mining
34:51 Gold Mining
35:48 Yeomen
35:31 Fletching
35:41 Padded Archer Armor
36:25 Bodkin Arrow
36:19 Elite Longbowman
37:21 Conscription
37:40 Hoardings
37:28 Leather Archer Armor
38:49 Ballistics
39:29 Chemistry
38:25 Murder Holes
38:36 Siege Engineers
38:42 Fortified Wall
38:46 Masonry
39:00 Bracer
39:30 Ring Archer Armor
40:33 Two-Man Saw
39:42 Squires
39:28 Arson
39:05 Pikeman
39:52 Scale Mail Armor
40:02 Forging
39:43 Treadmill Crane
40:24 Halberdier
42:35 Chain Mail Armor
42:59 Warwolf
44:31 Plate Mail Armor
44:37 Iron Casting
43:54 Gambesons
44:46 Architecture
44:08 Guard Tower
44:03 Arrowslits
45:52 Gold Shaft Mining
45:21 Heavy Plow
46:06 Hand Cart
47:26 Keep
48:25 Man-at-Arms
50:10 Blast Furnace
49:52 Caravan
风吹奶罩飘
12:21 Feudal Age
15:23 Double-Bit Axe
18:04 Castle Age
21:05 Bow Saw
20:49 Fishing Lines
23:58 Gillnets
25:36 Horse Collar
26:18 Loom
30:33 Imperial Age
29:36 Wheelbarrow
29:15 Scale Barding Armor
29:48 Heavy Plow
30:58 Chain Barding Armor
30:48 Gold Mining
30:49 Stone Mining
32:17 Chemistry
32:25 Two-Man Saw
32:02 Hand Cart
33:00 Plate Barding Armor
32:37 Forging
33:05 Gold Shaft Mining
33:30 Conscription
34:59 Stone Shaft Mining
34:46 Ballistics
35:07 Iron Casting
34:51 Bloodlines
34:42 Husbandry
34:44 Cavalier
37:47 Blast Furnace
37:00 Masonry
36:21 Savar
37:49 Loom
38:51 Architecture
39:09 Hoardings
37:58 Elite War Elephant
40:29 Caravan
41:35 Citadels
42:02 Hoardings
万里独行--田伯光
0:37 Loom
12:49 Feudal Age
19:25 Castle Age
17:13 Double-Bit Axe
17:11 Horse Collar
30:12 Fletching
31:54 Bodkin Arrow
36:41 Thumb Ring
39:22 Imperial Age
37:28 Wheelbarrow
36:41 Town Watch
38:47 Hand Cart
39:23 Heavy Plow
39:37 Bow Saw
39:20 Gold Mining
39:20 Stone Mining
40:01 Ballistics
41:08 Conscription
41:29 Bracer
41:30 Padded Archer Armor
42:40 Chemistry
41:32 Heavy Cavalry Archer
42:42 Parthian Tactics
43:35 Leather Archer Armor
43:27 Caravan
43:37 Guilds
44:10 Gold Shaft Mining
43:48 Bloodlines
43:39 Husbandry
42:59 Light Cavalry
45:12 Forging
45:08 Scale Barding Armor
47:31 Two-Man Saw
47:43 Hussar
48:48 Chain Barding Armor
49:03 Iron Casting
48:24 Elite Skirmisher
54:27 Atheism
54:13 Marauders
53:34 Elite Tarkan
54:54 Coinage
55:05 Plate Barding Armor
55:31 Blast Furnace
anikul73
15:25 Feudal Age
19:10 Castle Age
22:02 Town Watch
25:05 Fishing Lines
29:17 Horse Collar
33:37 Imperial Age
31:15 Caravan
32:59 Town Patrol
36:27 Farimba
38:57 Chemistry
37:24 Light Cavalry
38:18 Bloodlines
38:11 Husbandry
39:06 Forging
39:30 Gillnets
41:14 Conscription
49:47 Elite Gbeto
PiriFeyiz
18:08 Feudal Age
19:22 Double-Bit Axe
19:21 Horse Collar
19:34 Loom
22:04 Castle Age
29:08 Imperial Age
31:03 Chemistry
37:22 Wheelbarrow
37:37 Ballistics
39:01 Fletching
39:14 Scale Mail Armor
39:26 Scale Barding Armor
39:31 Pikeman
39:56 Gambesons
42:35 Gold Mining
44:50 Fortified Wall
45:01 Bombard Tower
45:31 Bow Saw
45:23 Heavy Plow
44:47 Halberdier
45:51 Chain Mail Armor
45:51 Forging
Neo2087
0:51 Loom
13:26 Feudal Age
14:50 Wheelbarrow
13:58 Horse Collar
15:21 Double-Bit Axe
22:43 Castle Age
20:54 Stone Mining
21:28 Gold Mining
23:05 Forging
23:03 Scale Barding Armor
25:20 Heavy Plow
25:44 Bow Saw
26:00 Husbandry
27:54 Hand Cart
29:10 Caravan
36:08 Imperial Age
35:55 Bimaristan
36:26 Iron Casting
35:58 Fletching
37:13 Conscription
36:33 Elite Skirmisher
38:49 Chemistry
40:56 Thumb Ring
42:28 Fortified Wall
47:53 Padded Archer Armor
49:15 Murder Holes
49:41 Ballistics
49:42 Leather Archer Armor
49:47 Elite Mameluke
50:52 Chain Barding Armor
51:33 Blast Furnace
Saggi
5:05 Loom
10:58 Feudal Age
15:25 Castle Age
14:25 Double-Bit Axe
14:34 Horse Collar
19:39 Wheelbarrow
20:48 Fishing Lines
21:31 Stone Mining
23:08 Hand Cart
25:23 Gillnets
25:42 Heavy Plow
31:11 Imperial Age
28:26 Town Watch
28:34 Fletching
28:55 Forging
29:08 Gold Mining
29:53 Stone Shaft Mining
32:17 Bodkin Arrow
32:58 Iron Casting
32:31 Scale Barding Armor
32:39 Bow Saw
34:33 Chemistry
33:53 Ballistics
32:56 Elite Skirmisher
34:03 Bracer
34:42 Iron Casting
34:13 Scale Barding Armor
34:26 Siege Engineers
34:17 Murder Holes
34:33 Masonry
34:25 Husbandry
34:36 Bloodlines
35:54 Conscription
35:37 Grand Trunk Road
38:35 Caravan
38:49 Shatagni
39:25 Hoardings
41:54 Gold Shaft Mining
41:21 Scale Mail Armor
41:22 Padded Archer Armor
41:47 Heavy Camel Rider
44:28 Imperial Camel Rider
48:32 Chain Barding Armor
Cizz...1
13:52 Feudal Age
16:06 Horse Collar
16:15 Double-Bit Axe
20:31 Castle Age
24:20 Stone Mining
25:41 Heavy Plow
25:54 Bow Saw
28:45 Wheelbarrow
34:24 Imperial Age
32:00 Gold Mining
33:13 Fishing Lines
34:15 Caravan
34:09 Gillnets
35:01 Stone Shaft Mining
35:03 Gold Shaft Mining
34:55 Ballistics
34:46 Masonry
34:59 Fortified Wall
35:31 Conscription
35:27 Fletching
37:41 Two-Man Saw
37:01 Hand Cart
37:23 Architecture
38:26 Bodkin Arrow
38:34 Padded Archer Armor
38:37 Town Watch
40:47 Elite Chu Ko Nu
42:12 Town Patrol
42:53 Heavy Rocket Cart
44:53 Rocketry
44:39 Bracer
44:55 Leather Archer Armor
44:50 Forging
44:42 Scale Mail Armor
45:28 Pikeman
46:10 Squires
45:56 Arson
46:19 Scale Barding Armor
48:03 Halberdier
51:03 Ring Archer Armor
51:09 Iron Casting
Connection lost

Rejoining the realm…

Still unreachable

The connection could not be restored.

Session expired

The server has moved on; the page needs a fresh start.